 Dungeon Crawl Stone Soup version 0.28.0-45-g0d030f2227 (webtiles) character file.

Game seed: 10593135290060272770

3133 MisterFreud the Grappler (level 9, -10/81 HPs)
             Began as a Ghoul Gladiator on Apr 2, 2022.
             Was a Follower of Makhleb.
             Mangled by a wight
             ... wielding a +0 great sword of protection
              (16 damage)
             ... on level 6 of the Dungeon.
             The game lasted 00:08:39 (8131 turns).

MisterFreud the Grappler (Ghoul Gladiator)          Turns: 8131, Time: 00:08:39

Health: -10/81     AC:  4    Str: 20    XL:     9   Next: 92%
Magic:  8/8        EV: 12    Int:  5    God:    Makhleb [*.....]
Gold:   126        SH:  5    Dex: 10    Spells: 8/8 levels left

rFire   . . .      SeeInvis +     - Unarmed
rCold   + . .      Faith    .   (no shield)
rNeg    + + +      Spirit   .   a - +0 leather armour
rPois   ∞          Reflect  +   b - +0 helmet
rElec   .          Harm     .   (no cloak)
rCorr   .          Rampage  .   (no gloves)
Will    .....                   (no boots)
Stlth   +.........              e - amulet of reflection
HPRegen 0.00/turn               m - ring of see invisible
MPRegen 0.11/turn               (no ring)

@: inhibited regen
A: claws 1, cold resistance 1, negative energy resistance 3, inhibited
regeneration, torment resistance 2
a: Renounce Religion


You were on level 6 of the Dungeon.
You worshipped Makhleb.
Makhleb was aware of your devotion.
You visited 2 branches of the dungeon, and saw 9 of its levels.
You also visited: Sewer.

You collected 333 gold pieces.
You spent 207 gold pieces at shops.

Inventory:

Missiles
 c - 3 throwing nets
 d - 5 boomerangs
 f - 17 poisoned darts (quivered)
 y - 2 boomerangs of dispersal
Armour
 a - a +0 leather armour (worn)
 b - a +0 helmet (worn)
Jewellery
 e - an amulet of reflection (around neck)
 m - a ring of see invisible (left claw)
 q - a ring of magical power
Wands
 x - a wand of polymorph (2)
 D - a wand of mindburst (18)
Scrolls
 g - 4 scrolls of teleportation
 i - 4 scrolls of identify
 k - 2 scrolls of noise
 n - 3 scrolls of magic mapping {unknown}
 r - 2 scrolls of immolation {unknown}
 s - a scroll of blinking
 v - 2 scrolls of amnesia {unknown}
 z - a scroll of enchant weapon {unknown}
 B - a scroll of acquirement {unknown}
 C - a scroll of vulnerability {unknown}
Potions
 h - a potion of brilliance {unknown}
 j - 2 potions of curing
 l - 4 potions of haste
 o - a potion of might {unknown}
 p - 3 potions of heal wounds {unknown}
 t - a potion of lignification {unknown}
 u - 3 potions of mutation {unknown}
 w - 3 potions of degeneration {unknown}
 A - a potion of ambrosia {unknown}


   Skills:
 - Level 8.0 Fighting
 - Level 1.7 Throwing
 + Level 4.1 Armour
 - Level 2.6 Dodging
 - Level 12.0 Unarmed Combat


You had 8 spell levels left.
You didn't know any spells.
Your spell library contained the following spells:

 Spells                   Type           Power      Damage    Failure   Level
 Slow                     Hex            0%         N/A       52%         1
 Corpse Rot               Necr/Air       0%         N/A       67%         2
 Confusing Touch          Hex            0%         N/A       88%         3
 Vampiric Draining        Necr           0%         2d6       88%         3
 Dispel Undead            Necr           0%         3d6       99%         4
 Fireball                 Conj/Fire      0%         3d3       100%        5
 Death Channel            Necr           0%         N/A       100%        6
 Starburst                Conj/Fire      0%         6d3       100%        6
 Ignition                 Fire           0%         3d3       100%        8


Dungeon Overview and Level Annotations

Branches:
Dungeon (8/15)             Temple (1/1) D:5           Sewer (visited)
   Lair: D:8-11

Altars:
Cheibriados
Elyvilon
Gozag
Kikubaaqudgha
Makhleb
Okawaru
Qazlal
Ru
Wu Jian
Xom
Yredelemnul
The Shining One

Shops:
D:5 *


Innate Abilities, Weirdness & Mutations

You thrive by killing the living.
You are immune to poison.
You have sharp fingernails.
Your flesh is cold resistant. (rC+)
You are immune to negative energy. (rN+++)
You do not regenerate when monsters are visible.
You are immune to unholy pain and torment.


Message History

You block the wight's attack. x2
There is a stone staircase leading up here.
Unknown command.
The wyvern zombie bites you. The wight closely misses you.
The orc hits you but does no damage. The wight misses you.
The wight hits you with a +0 dire flail!
The wight hits you with a +2 mace. The orc closely misses you.
The wight hits you with a +1 long sword!
You climb upwards.
There is a stone staircase leading down here.
Unknown command.
Unknown command.
Unknown command.
Unknown command.
You mangle the orc!!
You kill the orc!
Makhleb accepts your kill.
You feel better. The wight barely misses you.
The wight hits you with a +2 long sword!
The wight hits you with a +0 dire flail!
* * * LOW HITPOINT WARNING * * *
The wight hits you with a +2 mace.
* * * LOW HITPOINT WARNING * * *
The orc barely misses you. You block the wight's attack.
The wight barely misses you. The wight hits you with a +2 mace.
* * * LOW HITPOINT WARNING * * *
The orc hits you with a +0 flail!
* * * LOW HITPOINT WARNING * * *
Things that are here:
a +0 dagger; an orc corpse The orc misses you.
There is a stone staircase leading up here.
The wight barely misses you.
You climb upwards.
There is a stone staircase leading down here.
You scratch the wight but do no damage. The wight closely misses you.
You scratch the wight.
The wight is lightly damaged.
The wight hits you with a +0 great sword of protection!
You die...

#..# ##. #.## #..
###.##########..
#...........##..
###########..#..
#######....
###..........
######...####.....
##@.....### #...##.
##..z....## #####..
#.........# ##.#
#.........# ###..#
#.........# ###....#
#.........###.......
#.............#....#
#..........#########
#.........##


You could see a wight.

Vanquished Creatures
  A two-headed ogre (D:5)
  A hornet (D:7)
  An orc warrior (D:5)
  A water moccasin (D:5)
  A black bear (D:7)
  A necrophage (D:5)
  4 ogres
  A centaur (D:5)
  A phantom (D:5)
  A kobold brigand (Sewer)
  A gnoll sergeant (D:4)
  2 scorpions (D:5)
  3 killer bees (D:7)
  4 howler monkeys
  2 jellies
  2 orc priests (D:5)
  3 bullfrog skeletons
  A gnoll shaman (D:6)
  5 hounds
  A centaur skeleton (D:5)
  5 iguanas
  An orc wizard (D:5)
  A hound zombie (D:5)
  A hound skeleton (D:5)
  16 gnolls
  8 adders
  2 river rats (Sewer)
  A shadow imp (D:5)
  A white imp (D:5)
  An ufetubus (D:6)
  An adder skeleton (D:5)
  3 worms
  4 dart slugs
  15 orcs
  2 endoplasms
  7 giant cockroaches
  6 goblins
  8 hobgoblins
  7 jackals
  7 kobolds
  4 quokkas
  10 ball pythons
  5 bats
  7 frilled lizards
  9 rats
169 creatures vanquished.

Vanquished Creatures (others)
  4 plants (Sewer)
4 creatures vanquished.

Grand Total: 173 creatures vanquished

Notes
Turn   | Place    | Note
-------+----------+-------------------------------------------
     0 | D:1      | MisterFreud the Ghoul Gladiator began the quest for the
                  | Orb.
     0 | D:1      | Reached XP level 1. HP: 17/17 MP: 0/0
   468 | D:1      | Reached XP level 2. HP: 22/24 MP: 1/1
   539 | D:1      | Reached skill level 4 in Unarmed Combat
   812 | D:2      | Reached XP level 3. HP: 28/29 MP: 2/2
   987 | D:1      | Reached skill level 5 in Unarmed Combat
  1185 | D:2      | Found a faded altar of an unknown god.
  1222 | D:2      | Reached XP level 4. HP: 24/36 MP: 3/3
  1550 | D:2      | Found an opulent altar of Gozag.
  1999 | D:3      | Reached skill level 6 in Unarmed Combat
  2029 | D:3      | Reached XP level 5. HP: 40/41 MP: 4/4
  2228 | D:3      | Found an iron altar of Okawaru.
  2396 | D:4      | Found an ornate altar of the Wu Jian Council.
  2423 | D:4      | Found a glowing drain.
  2431 | Sewer    | Entered a sewer
  2806 | Sewer    | Noticed a kobold brigand
  2819 | Sewer    | Killed a kobold brigand
  2820 | Sewer    | Reached skill level 7 in Unarmed Combat
  2820 | Sewer    | Reached XP level 6. HP: 48/48 MP: 5/5
  3141 | D:4      | HP: 2/48 [gnoll/+0 flail (12)]
  3484 | D:4      | Reached skill level 8 in Unarmed Combat
  4039 | D:4      | Found a basalt altar of Yredelemnul.
  4096 | D:4      | Reached XP level 7. HP: 57/57 MP: 6/6
  4772 | D:5      | Entered Level 5 of the Dungeon
  4821 | D:5      | Found Riel Dur's Assorted Antiques.
  4878 | D:5      | Bought a scroll labelled XYSUZAH UZAO for 24 gold pieces
  4878 | D:5      | Bought a yellow potion for 21 gold pieces
  4878 | D:5      | Bought a yellow potion for 21 gold pieces
  4878 | D:5      | Bought a sedimented red potion for 21 gold pieces
  4878 | D:5      | Bought a scroll labelled WICVYX EFAE for 24 gold pieces
  4878 | D:5      | Bought a tapered fluorescent wand for 96 gold pieces
  4898 | D:5      | Found a staircase to the Ecumenical Temple.
  4923 | Temple   | Entered the Ecumenical Temple
  4960 | Temple   | Became a worshipper of Makhleb the Destroyer
  5029 | D:5      | Reached skill level 5 in Fighting
  5223 | D:5      | Reached XP level 8. HP: 40/70 MP: 7/7
  5576 | D:5      | Reached skill level 9 in Unarmed Combat
  5931 | D:5      | Noticed a two-headed ogre
  5937 | D:5      | Killed a two-headed ogre
  5938 | D:5      | Reached skill level 10 in Unarmed Combat
  5938 | D:5      | Reached XP level 9. HP: 11/81 MP: 8/8
  5948 | D:5      | Reached * piety under Makhleb
  6304 | D:5      | Reached skill level 11 in Unarmed Combat
  6449 | D:5      | Found a stormy altar of Qazlal.
  7103 | D:7      | Noticed a hornet
  7113 | D:7      | Killed a hornet
  7114 | D:7      | Reached skill level 12 in Unarmed Combat
  7114 | D:7      | Reached skill level 1 in Armour
  8131 | D:6      | Mangled by a wight

Illustrated notes

Levels and vault maps discovered:
D:1:      dpeg_arrival_more_subterranean_lakeside_camping, layout_loops_ring,
          columned_hall_lemuel
D:2:      minmay_razor_zed, layout_basic, basic_altar,
          shapermc_ecumenical_altar_hornbeckon
D:3:      layout_rooms, marbit_many_paths
D:4:      cheibrodos_quashed, layout_basic, mainiacjoe_overflow_divided_tiny,
          cheibrodos_sewer_entry_sluice
D:5:      cheibrodos_barr_body, layout_loops_ring, mainiacjoe_overflow_alcove_1,
          minmay_temple_entry_statues_pillars, serial_shops,
          nicolae_lakefront_shop, kennysheep_nondescript
D:6:      layout_rooms, wad_floor_pattern_untrapped, nrook_campfire,
          kennysheep_big_empty_room
D:7:      layout_gridville
D:8:      layout_basic, chequers_temple_overflow_minitemple, enter_bailey_2,
          special_room [special_room_orc], minmay_starry_boxes
Temple:   jpeg_temple_island

Skill      XL: |  1  2  3  4  5  6  7  8  9 |
---------------+----------------------------+-----
Unarmed Combat | 4 5 6 7 8 10 12 | 12.0
Fighting       | 3 5 8 |  8.0
Armour         | 4 |  4.1
Throwing       | |  1.7
Dodging        | |  2.6

Action                   |  1- 3 |  4- 6 |  7- 9 || total
-------------------------+-------+-------+-------++-------
Melee: Unarmed           |    94 |   236 |   250 ||   580
       Punch             |     4 |     4 |    12 ||    20
Throw: Dart              |       |     8 |    12 ||    20
       Throwing net      |       |     1 |       ||     1
  Use: Scroll            |       |     4 |       ||     4
       Potion            |       |     1 |       ||     1
 Stab: Sleeping          |       |     1 |       ||     1
Armor: Leather armour    |    23 |    47 |    30 ||   100
Dodge: Dodged            |    51 |   129 |   125 ||   305
Block: Other             |    15 |    53 |    46 ||   114
       Reflection        |       |     4 |       ||     4
